 Dungeon Crawl Stone Soup version 0.30.1-4-g462c640d31 (webtiles) character file.

Game seed: 8442089825986782473

3927 Almogavar the Destroyer (level 10, -2/70 HPs)
             Began as a Yellow Draconian Conjurer on Aug 21, 2023.
             Was a Follower of Nemelex Xobeh.
             Killed by the air
             ... invoked by Gastronok
              (22 damage)
             ... on level 8 of the Dungeon.
             The game lasted 00:36:12 (10033 turns).

Almogavar the Destroyer (DrCj)                     Turns: 10033, Time: 00:36:12

Health: -2/70      AC:  9    Str: 11    XL:     10   Next: 1%
Magic:  9/22       EV: 17    Int: 22    God:    Nemelex Xobeh [*.....]
Gold:   445        SH:  0    Dex:  9    Spells: 12/26 levels left

rFire   . . .        y - +4 war axe of Dullness {flame, Will+ Stlth+}
rCold   . . .        (no shield)
rNeg    . . .        (body armour unavailable)
rPois   .            (helmet restricted)
rElec   .            s - +0 cloak
rCorr   +            f - +0 pair of gloves
SInv    .            (no boots)
Will    ++...        (no amulet)
Stlth   +++          G - +5 ring of evasion
HPRegen 0.31/turn    r - ring of willpower
MPRegen 0.18/turn

%: no passive effects
@: no status effects
A: spit acid, AC +7, unfitting armour, cold-blooded, acid resistance
a: Breathe Acid, Renounce Religion, Draw Escape, Draw Destruction, Draw
Summoning


You were on level 8 of the Dungeon.
You worshipped Nemelex Xobeh.
Nemelex Xobeh was aware of your devotion.
You visited 2 branches of the dungeon, and saw 9 of its levels.

You collected 445 gold pieces.

Inventory:

Hand Weapons
 y - the +4 war axe of Dullness (weapon) {flame, Will+ Stlth+}
   (You found it on level 4 of the Dungeon)

   Will:      It increases your willpower.
   Stlth:     It makes you more stealthy.
 A - the +9 sling "Unalumey" {drain, rC+ Stlth+}
   (You found it on level 5 of the Dungeon)

   rC:        It protects you from cold.
   Stlth:     It makes you more stealthy.
Armour
 f - a +0 pair of gloves (worn)
 s - a +0 cloak (worn)
Jewellery
 g - a ring of see invisible
 k - a +5 ring of evasion
 r - a ring of willpower (right hand)
 t - a ring of willpower
 C - a ring of willpower
 G - a +5 ring of evasion (left hand)
Wands
 w - a wand of charming (11)
 B - a wand of quicksilver (8)
Scrolls
 c - 5 scrolls of enchant armour
 d - a scroll of fear
 e - 2 scrolls of magic mapping
 h - 3 scrolls of teleportation
 j - a scroll of silence
 p - 2 scrolls of fog
 v - 5 scrolls of vulnerability {unknown}
 z - a scroll of noise {unknown}
 D - 3 scrolls of blinking {unknown}
Potions
 a - 2 potions of magic
 b - a potion of might
 i - a potion of flight
 l - 2 potions of heal wounds
 m - 4 potions of curing
 n - a potion of haste
 o - a potion of lignification
 q - a potion of ambrosia {unknown}
 u - 2 potions of berserk rage {unknown}
 x - a potion of mutation {unknown}
 E - 2 potions of attraction {unknown}
 F - a potion of resistance {unknown}
 H - a potion of experience {unknown}


   Skills:
 - Level 0.3 Fighting
 - Level 0.4 Short Blades
 - Level 0.4 Axes
 + Level 4.3 Dodging
 + Level 4.6 Stealth
 + Level 8.6 Spellcasting
 + Level 10.1 Conjurations


You had 12 spell levels left.
You knew the following spells:

 Your Spells              Type           Power      Damage    Failure   Level
a - Magic Dart            Conj           100%       1d8       1%          1
b - Searing Ray           Conj           100%       2d8       1%          2
c - Dazzling Flash        Conj/Hex       62%        N/A       2%          3
d - Fulminant Prism       Conj/Hex       15%        3d11      9%          4
e - Iskenderun's Mystic   Conj/Tloc      31%        2d8       9%          4

Your spell library contained the following spells:

 Spells                   Type           Power      Damage    Failure   Level
 Slow                     Hex            36%        N/A       7%          1
 Sting                    Tmut/Pois      36%        1d4       7%          1
 Flame Wave               Conj/Fire      31%        2d9       9%          4
 Sticky Flame             Conj/Fire      31%        2d5       9%          4
 Poisonous Vapours        Pois/Air       18%        N/A       11%         2
 Confusing Touch          Hex            9%         N/A       22%         3
 Inner Flame              Hex/Fire       9%         N/A       22%         3
 Vampiric Draining        Necr           9%         2d6       22%         3
 Olgreb's Toxic Radiance  Pois           9%         N/A       56%         4


Dungeon Overview and Level Annotations

Branches:
Dungeon (8/15)             Temple (1/1) D:4
   Lair: D:8-11

Altars:
Ashenzari
Dithmenos
Elyvilon
Fedhas
Gozag
Hepliaklqana
Kikubaaqudgha
Makhleb
Nemelex Xobeh
Okawaru
Qazlal
Ru
Sif Muna
Trog
Uskayaw
Wu Jian
Xom
Yredelemnul
Zin
The Shining One

Shops:
D:6 [

Annotations:
D:5 2 transporters, zxspectator's ghost, novice GrFi
D:7 2 transporters, Plommelars's ghost, novice DrEE
D:8 Gastronok


Innate Abilities, Weirdness & Mutations

You can spit globs of acid.
Your golden yellow scales are hard. (AC +7)
You cannot fit into any form of body armour.
You are cold-blooded and may be slowed by cold attacks.
You are resistant to acid. (rCorr)


Message History

Confirm with . or Enter, or press ? or * to list all spells.
Aiming: Searing Ray (safe; 1% risk of failure)
Press: ? - help, Shift-Dir - straight line, f - Gastronok
Aim: Gastronok, wearing a +2 hat (100% to hit)
The searing ray hits Gastronok.
Gastronok is lightly wounded. (Press . to maintain the ray.)
The searing ray hits Gastronok!
Gastronok is lightly wounded.
Gastronok waves his eye-stalks in wide circles.
The air twists around and strikes you!!
The searing ray hits Gastronok!
Gastronok is lightly wounded.
The searing ray hits Gastronok!
Gastronok is lightly wounded.
You finish channelling your searing ray.
Casting: Searing Ray (safe; 1% risk of failure)
Confirm with . or Enter, or press ? or * to list all spells.
Aiming: Searing Ray (safe; 1% risk of failure)
Press: ? - help, Shift-Dir - straight line, f/p - Gastronok
Aim: Gastronok, wearing a +2 hat (lightly wounded, 100% to hit)
The searing ray hits Gastronok!
Gastronok is lightly wounded. (Press . to maintain the ray.)
The searing ray hits Gastronok.
Gastronok is moderately wounded.
The searing ray hits Gastronok!
Gastronok is moderately wounded.
The searing ray hits Gastronok!
Gastronok is moderately wounded.
You finish channelling your searing ray.
Gastronok waves his eye-stalks in wide circles.
The air twists around and strikes you!!
* * * LOW HITPOINT WARNING * * *
You feel better.
Okay, then.
Gastronok waves his eye-stalks in wide circles.
The air twists around and strikes you!!
You die...
Your body disappears without a glow.

#).. ..# #..####.#
#....##.# #w##.##.#
#.##.##.# #.......#
#.......# ##....##.#
###@....##.#
#...........##.#
#######.....##.# ####
##.......#
###..######.#.####
.####.......# #.#.#
.........##.###.#.###
#.#...........#..
#.#.###.#######.#


You could see Gastronok.

Vanquished Creatures
  A cyclops (D:8)
  An unseen horror (D:7)
  A steam dragon (D:7)
  A water moccasin (D:6)
  2 orc warriors (D:7)
  5 ice beasts
  A sky beast (D:6)
  4 black bears
  A centaur (D:6)
  2 ogres
  A kobold brigand (D:7)
  A bullfrog (D:6)
  2 scorpions (D:5)
  A gnoll sergeant (D:7)
  5 killer bees (D:7)
  Crazy Yiuf (D:3)
  A jelly (D:4)
  2 orc priests (D:8)
  8 hounds
  A gnoll bouda (D:7)
  7 iguanas
  A sleepcap (D:5)
  8 orc wizards
  10 gnolls
  16 adders
  5 ufetubi
  4 worms
  27 orcs
  7 ball pythons
  7 bats
  4 endoplasms
  2 giant cockroaches (D:3)
  8 goblins
  5 hobgoblins
  4 jackals (D:2)
  14 kobolds
  5 quokkas
  A frilled lizard (D:3)
  3 rats (D:1)
  A spectral hobgoblin (D:1)
181 creatures vanquished.

Notes
Turn   | Place    | Note
-------+----------+-------------------------------------------
     0 | D:1      | Almogavar the Draconian Conjurer began the quest for the
                  | Orb.
     0 | D:1      | Reached XP level 1. HP: 14/14 MP: 3/3
   332 | D:1      | Reached XP level 2. HP: 20/20 MP: 1/5
   335 | D:1      | Learned a level 2 spell: Searing Ray
   854 | D:1      | Found a faded altar of an unknown god.
  1464 | D:2      | Reached XP level 3. HP: 26/26 MP: 0/6
  2580 | D:3      | Reached skill level 5 in Conjurations
  2580 | D:3      | Reached XP level 4. HP: 33/33 MP: 3/7
  2731 | D:3      | Found a runed translucent door.
  2732 | D:3      | Noticed Crazy Yiuf
  3324 | D:3      | Learned a level 3 spell: Dazzling Flash
  3625 | D:3      | Killed Crazy Yiuf
  3626 | D:3      | Reached XP level 5. HP: 39/39 MP: 3/9
  4405 | D:4      | Noticed an ogre
  4414 | D:4      | Killed an ogre
  4415 | D:4      | Reached XP level 6. HP: 46/46 MP: 5/12
  4619 | D:4      | Identified the +4 war axe of Dullness {flame, Will+ Stlth+}
  4689 | D:4      | Found a staircase to the Ecumenical Temple.
  5007 | D:5      | Entered Level 5 of the Dungeon
  5014 | D:5      | Reached skill level 6 in Conjurations
  5114 | D:5      | Your scales start taking on a golden yellow colour.
  5114 | D:5      | Reached XP level 7. HP: 51/51 MP: 8/13
  5114 | D:5      | Gained mutation: You are resistant to acid. (rCorr) [Yellow
                  | Draconian growth]
  5148 | Temple   | Entered the Ecumenical Temple
  5268 | Temple   | Became a worshipper of Nemelex Xobeh the Trickster
  5637 | D:5      | Reached skill level 5 in Spellcasting
  5865 | D:5      | Identified the +9 sling "Unalumey" {drain, rC+ Stlth+}
  5880 | D:5      | Noticed zxspectator's ghost (novice GrFi)
  5945 | D:5      | Found a transporter.
  5953 | D:5      | Found a transporter.
  6333 | D:5      | Learned a level 4 spell: Fulminant Prism
  6360 | D:5      | Reached skill level 7 in Conjurations
  6441 | D:6      | Reached XP level 8. HP: 45/58 MP: 7/16
  7175 | D:6      | Reached skill level 8 in Conjurations
  7578 | D:6      | Found an ancient bone altar of Kikubaaqudgha.
  7610 | D:6      | Reached XP level 9. HP: 49/63 MP: 11/19
  7659 | D:6      | Reached * piety under Nemelex Xobeh
  7683 | D:6      | Found Pahoke's Armour Emporium.
  7922 | D:6      | Learned a level 4 spell: Iskenderun's Mystic Blast
  8352 | D:7      | Noticed an unseen horror
  8422 | D:7      | Killed an unseen horror
  8423 | D:7      | Reached skill level 9 in Conjurations
  8540 | D:7      | Found a transporter.
  9155 | D:7      | Received a gift from Nemelex Xobeh
  9199 | D:7      | Noticed Plommelars's ghost (novice DrEE)
  9213 | D:7      | Found a burning altar of Makhleb.
  9447 | D:7      | Found an iron altar of Okawaru.
  9693 | D:7      | Found a transporter.
  9843 | D:8      | Noticed a cyclops
  9854 | D:8      | Killed a cyclops
  9855 | D:8      | Reached skill level 10 in Conjurations
  9967 | D:8      | Reached XP level 10. HP: 70/70 MP: 16/22
 10009 | D:8      | Noticed Gastronok
 10033 | D:8      | Killed from afar by Gastronok

Illustrated notes

Levels and vault maps discovered:
D:1:      dpeg_arrival_simpleton_b, layout_basic,
          dreamdust_ecumenical_altar_drowned_temple
D:2:      layout_basic
D:3:      layout_loops_cross, kennysheep_generic_room_12,
          uniq_crazy_yiuf_cottage
D:4:      layout_loops_cross, minmay_temple_entry_stoned_glass, minivault_5
D:5:      layout_rooms, gammafunk_ghost_arena, minivault_26, fountainhead
D:6:      layout_rooms, amcnicky_altar_gilded, serial_shops,
          nicolae_shop_window_shopping, minmay_misc_feat_four_crosses,
          minmay_alternating_orb
D:7:      layout_basic, grunt_temple_overflow_open, gammafunk_ghost_stat_death
D:8:      layout_loops_cross, serial_shops, nicolae_shop_bloodbath_and_beyond,
          minmay_fire_ice_demons, uniq_gastronok
Temple:   minmay_crystal_spiral_temple

Skill      XL: |  1  2  3  4  5  6  7  8  9 |
---------------+----------------------------+-----
Stealth        | 2 3 4 |  4.6
Conjurations   | 5 6 7 8 10 | 10.1
Dodging        | 2 3 4 |  4.3
Spellcasting   | 3 4 5 6 8 |  8.6
Fighting       | |  0.3
Short Blades   | |  0.4
Axes           | |  0.4

Action                     |  1- 3 |  4- 6 |  7- 9 | 10-12 || total
---------------------------+-------+-------+-------+-------++-------
  Melee: Dagger            |     8 |     9 |       |       ||    17
         Tailslap          |       |     1 |     1 |       ||     2
         War axe           |       |     1 |     7 |       ||     8
   Cast: Magic Dart        |    87 |    53 |    93 |     4 ||   237
         Searing Ray       |     5 |    28 |    78 |     3 ||   114
 Invoke: Draw Destruction  |       |       |     1 |       ||     1
Ability: Breathe Acid      |       |       |     1 |       ||     1
    Use: Scroll            |     5 |     2 |     6 |       ||    13
         Potion            |       |       |       |     1 ||     1
   Stab: Sleeping          |       |     1 |       |       ||     1
 Armour: Skin              |     4 |     5 |    30 |       ||    39
  Dodge: Dodged            |    14 |    20 |    94 |       ||   128
